TOP OF THE 1ST |
Gresham Gold Souls batting - Pitching for San Jose Missions : RHP José Reyes
|
Pitching: RHP José Reyes
|
|
Batting: RHB Jim Edgar
|
0-0: SINGLE (Flyball, 9LS)
|
Batting: LHB Bill Smith
|
0-0: SINGLE (Line Drive, 34D) Jim Edgar to second
|
Batting: RHB Peter Hensley
|
0-0: Ball 1-0: Ball 2-0: Ball 3-0: Base on Balls Jim Edgar to third Bill Smith to second
|
Batting: RHB Lorenzo Morín
|
0-0: Ball 1-0: Called Strike 1-1: Ball 2-1: SINGLE (Flyball, 8LS) Jim Edgar scores Bill Smith to third Peter Hensley to second
|
Batting: RHB Luke McIndoe
|
0-0: Ball 1-0: Ball 2-0: Ball 3-0: Called Strike 3-1: Base on Balls Bill Smith scores Peter Hensley to third Lorenzo Morín to second
|
Batting: RHB Pablo Castillo
|
0-0: Called Strike 0-1: Called Strike 0-2: Ball 1-2: SINGLE (Groundball, 6MD) Peter Hensley scores Lorenzo Morín to third Luke McIndoe to second Runner from 3rd tries for Home, SAFE, no throw
|
Batting: RHB Matt Davidson
|
0-0: Ball 1-0: Swinging Strike 1-1: Called Strike 1-2: Strikes out swinging
|
Batting: SHB Todd Smith
|
0-0: Ball 1-0: Grounds into double play, 5-4-3 (Groundball, 56)
|
Top of the 1st over - 4 run(s), 4 hit(s), 0 error(s), 1 left on base; Gresham 4 - San Jose 0 |
BOTTOM OF THE 1ST |
San Jose Missions batting - Pitching for Gresham Gold Souls : RHP Jamal Clayton
|
Pitching: RHP Jamal Clayton
|
|
Batting: RHB Raúl Perales
|
0-0: Ball 1-0: Ball 2-0: Foul Ball, location: 2F 2-1: Ball 3-1: Foul Ball, location: 2F 3-2: Fly out, F8 (Flyball, 89M)
|
Batting: RHB Ed Starr
|
0-0: Ball 1-0: Ball 2-0: Ball 3-0: Base on Balls
|
Batting: RHB Dale Taylor
|
0-0: Ball 1-0: DOUBLE (Flyball, 78D) Ed Starr to third
|
Batting: RHB Bob Orr
|
0-0: Called Strike 0-1: Ground out 6-3 (Groundball, 6S) Ed Starr scores Dale Taylor to third
|
Batting: RHB Chang-geun Kim
|
0-0: Foul Ball, location: 2F 0-1: Ball 1-1: Ball 2-1: Ball 3-1: Foul Ball, location: 2F 3-2: Foul Ball, location: 2F 3-2: Base on Balls
|
Batting: RHB Sadao Kato
|
0-0: Called Strike 0-1: Ball 1-1: Swinging Strike 1-2: 3-RUN HOME RUN (Line Drive, 8LXD), Distance : 448 ft
|
Batting: LHB Arturo Rivera
|
0-0: Ball 1-0: Ball 2-0: Ball 3-0: Base on Balls
|
Batting: RHB Jorge Fuentes
|
0-0: Swinging Strike 0-1: Foul Ball, location: 2F 0-2: Ball 1-2: Ball 2-2: Ball Arturo Rivera steals 2nd base 3-2: Foul Ball, location: 2F 3-2: Foul Ball, location: 2F 3-2: Strikes out swinging
|
Bottom of the 1st over - 4 run(s), 2 hit(s), 0 error(s), 1 left on base; Gresham 4 - San Jose 4 |
TOP OF THE 2ND |
Gresham Gold Souls batting - Pitching for San Jose Missions : RHP José Reyes
|
Batting: LHB Jeff Doss
|
0-0: Called Strike 0-1: Ball 1-1: Called Strike 1-2: Ball 2-2: Foul Ball, location: 2F 2-2: SINGLE (Groundball, 56D)
|
Batting: RHB Jim Edgar
|
0-0: Fly out, F9 (Flyball, 9S)
|
Batting: LHB Bill Smith
|
0-0: Swinging Strike 0-1: Ball 1-1: DOUBLE (Flyball, 89M) Jeff Doss to third
|
Batting: RHB Peter Hensley
|
0-0: Called Strike 0-1: Ball 1-1: Ball 2-1: Ball 3-1: Foul Ball, location: 2F 3-2: Base on Balls
|
Batting: RHB Lorenzo Morín
|
0-0: Called Strike 0-1: Foul Ball, location: 2F 0-2: GRAND SLAM HOME RUN (Flyball, 7D), Distance : 375 ft
|
Batting: RHB Luke McIndoe
|
0-0: Foul Ball, location: 2F 0-1: Called Strike 0-2: Ball 1-2: Ball 2-2: Ground out 5-3 (Groundball, 56S)
|
Batting: RHB Pablo Castillo
|
0-0: Hit by Pitch
|
Batting: RHB Matt Davidson
|
0-0: Ground out 1-3 (Groundball, P)
|
Top of the 2nd over - 4 run(s), 3 hit(s), 0 error(s), 1 left on base; Gresham 8 - San Jose 4 |
BOTTOM OF THE 2ND |
San Jose Missions batting - Pitching for Gresham Gold Souls : RHP Jamal Clayton
|
Batting: LHB Wilson Vecino
|
0-0: Swinging Strike 0-1: Called Strike 0-2: Strikes out looking
|
Batting: RHB Raúl Perales
|
0-0: Ball 1-0: Called Strike 1-1: Foul Ball, location: 2F 1-2: Ball 2-2: Reached on error, E6 (Groundball, 6)
|
Batting: RHB Ed Starr
|
0-0: Called Strike 0-1: Ball 1-1: Foul Ball, location: 2F 1-2: Ball 2-2: SINGLE (Groundball, 34D) Raúl Perales to second Runner from 2nd tries for 3rd, OUT!
|
Batting: RHB Dale Taylor
|
0-0: Fielders Choice at 2nd, 6-4 (Groundball, 6)
|
Bottom of the 2nd over - 0 run(s), 1 hit(s), 1 error(s), 0 left on base; Gresham 8 - San Jose 4 |
TOP OF THE 3RD |
Gresham Gold Souls batting - Pitching for San Jose Missions : RHP José Reyes
|
Batting: SHB Todd Smith
|
0-0: Called Strike 0-1: Called Strike 0-2: Ball 1-2: Ball 2-2: Ball 3-2: Foul Ball, location: 2F 3-2: Fly out, F9 (Flyball, 9S)
|
Batting: LHB Jeff Doss
|
0-0: SOLO HOME RUN (Flyball, 78XD), Distance : 419 ft
|
Batting: RHB Jim Edgar
|
0-0: Ball 1-0: Swinging Strike 1-1: Ball 2-1: Ball 3-1: Base on Balls
|
Pitching: RHP Mark Bidwell
|
|
Batting: LHB Bill Smith
|
0-0: Foul Ball, location: 2F 0-1: Ball Wild Pitch! Jim Edgar to second 1-1: Foul Ball, location: 2F 1-2: Ball 2-2: Ground out 3-1 (Groundball, 34) Jim Edgar to third
|
Batting: RHB Peter Hensley
|
0-0: Called Strike 0-1: Ball 1-1: Swinging Strike 1-2: Ball 2-2: Ball 3-2: Foul Ball, location: 2F 3-2: Foul Ball, location: 2F 3-2: Foul Ball, location: 2F 3-2: Foul Ball, location: 2F 3-2: Base on Balls
|
Batting: RHB Lorenzo Morín
|
0-0: Called Strike 0-1: Ball 1-1: Foul Ball, location: 2F 1-2: Ball 2-2: Foul Ball, location: 2F 2-2: SINGLE (Groundball, 56D) Jim Edgar scores Peter Hensley to second
|
Batting: RHB Luke McIndoe
|
0-0: Called Strike 0-1: SINGLE (Line Drive, 56) Peter Hensley to third Lorenzo Morín to second Runner from 3rd tries for Home, SAFE, no throw
|
Batting: RHB Pablo Castillo
|
0-0: Ball 1-0: Hit by Pitch Lorenzo Morín to third Luke McIndoe to second
|
Batting: RHB Matt Davidson
|
0-0: Called Strike 0-1: Ball 1-1: Ball 2-1: Foul Ball, location: 2F 2-2: Ball 3-2: Base on Balls Lorenzo Morín scores Luke McIndoe to third Pablo Castillo to second
|
Batting: SHB Todd Smith
|
0-0: Called Strike 0-1: Fly out, F9 (Line Drive, 89S)
|
Top of the 3rd over - 4 run(s), 3 hit(s), 0 error(s), 3 left on base; Gresham 12 - San Jose 4 |
BOTTOM OF THE 3RD |
San Jose Missions batting - Pitching for Gresham Gold Souls : RHP Jamal Clayton
|
Batting: RHB Bob Orr
|
0-0: Ball 1-0: Called Strike 1-1: SOLO HOME RUN (Flyball, 9D), Distance : 387 ft
|
Batting: RHB Chang-geun Kim
|
0-0: Called Strike 0-1: Ball 1-1: Ball 2-1: Called Strike 2-2: Fly out, F8 (Flyball, 89D)
|
Batting: RHB Sadao Kato
|
0-0: SINGLE (Groundball, 6MD)
|
Pitching: RHP Raúl Contreras
|
|
Batting: LHB Arturo Rivera
|
0-0: Ball 1-0: Ball 2-0: SINGLE (Groundball, 4MD) Sadao Kato to second
|
Batting: RHB Jorge Fuentes
|
0-0: Fly out, F3 (Popup, 3D)
|
Batting: LHB Wilson Vecino
|
0-0: Called Strike 0-1: Ground out 4-3 (Groundball, 34D)
|
Bottom of the 3rd over - 1 run(s), 3 hit(s), 0 error(s), 2 left on base; Gresham 12 - San Jose 5 |
TOP OF THE 4TH |
Gresham Gold Souls batting - Pitching for San Jose Missions : RHP Mark Bidwell
|
Now in RF: Félix García
|
|
Batting: LHB Jeff Doss
|
0-0: Ball 1-0: Ball 2-0: Called Strike 2-1: Foul Ball, location: 2F 2-2: Strikes out swinging
|
Pitching: RHP Rafael Ressureio
|
|
Batting: RHB Jim Edgar
|
0-0: Called Strike 0-1: Ball 1-1: Called Strike 1-2: Ball 2-2: Ground out U3 (Groundball, 34)
|
Batting: LHB Bill Smith
|
0-0: Called Strike 0-1: SINGLE (Line Drive, 89S)
|
Batting: RHB Peter Hensley
|
Pickoff Throw to First - Out!
|
Top of the 4th over - 0 run(s), 1 hit(s), 0 error(s), 0 left on base; Gresham 12 - San Jose 5 |
BOTTOM OF THE 4TH |
San Jose Missions batting - Pitching for Gresham Gold Souls : RHP Raúl Contreras
|
Batting: LHB Félix García
|
0-0: Ball 1-0: Foul Ball, location: 2F 1-1: Ball 2-1: Called Strike 2-2: Ball 3-2: Foul Ball, location: 2F 3-2: SINGLE (Line Drive, 34)
|
Batting: RHB Ed Starr
|
0-0: Ball Félix García steals 2nd base 1-0: Foul Ball, location: 2F 1-1: Called Strike 1-2: Foul Ball, location: 2F 1-2: Reached on error, E4 (Popup, 4M) Félix García to third
|
Batting: RHB Dale Taylor
|
0-0: Swinging Strike 0-1: Ball 1-1: Called Strike 1-2: Strikes out swinging
|
Batting: RHB Bob Orr
|
0-0: Swinging Strike 0-1: Ball Ed Starr steals 2nd base 1-1: Ball 2-1: Foul Ball, location: 2F 2-2: Foul Ball, location: 2F 2-2: Fly out, F9 (Flyball, 9S)
|
Batting: RHB Chang-geun Kim
|
0-0: Ball 1-0: Ball 2-0: Ball 3-0: Base on Balls
|
Batting: RHB Sadao Kato
|
0-0: Swinging Strike 0-1: Foul Ball, location: 2F 0-2: Ball 1-2: Foul Ball, location: 2F 1-2: Ball 2-2: Foul Ball, location: 2F 2-2: Ball 3-2: Foul Ball, location: 2F 3-2: SINGLE (Groundball, 6MD) Félix García scores Ed Starr to third Chang-geun Kim to second Ed Starr scores Chang-geun Kim to third
|
Batting: LHB Arturo Rivera
|
0-0: Foul Ball, location: 2F 0-1: Called Strike 0-2: Ball 1-2: Foul Ball, location: 2F 1-2: Ball 2-2: Ball 3-2: Base on Balls Sadao Kato to second
|
Batting: RHB Jorge Fuentes
|
0-0: Fielders Choice at 2nd, 6-4 (Groundball, 6)
|
Bottom of the 4th over - 2 run(s), 2 hit(s), 1 error(s), 2 left on base; Gresham 12 - San Jose 7 |
TOP OF THE 5TH |
Gresham Gold Souls batting - Pitching for San Jose Missions : RHP Rafael Ressureio
|
Batting: RHB Peter Hensley
|
0-0: Called Strike 0-1: Called Strike 0-2: Ball 1-2: Strikes out swinging
|
Pitching: RHP Miguel García
|
|
Batting: RHB Lorenzo Morín
|
0-0: Ball 1-0: SINGLE (Line Drive, 6MD)
|
Pitching: RHP Micheal Wood
|
|
Batting: RHB Luke McIndoe
|
0-0: Fly out, F8 (Flyball, 89D)
|
Batting: RHB Pablo Castillo
|
0-0: Ball 1-0: Ball 2-0: Foul Ball, location: 2F 2-1: Ball 3-1: Called Strike 3-2: Strikes out looking
|
Top of the 5th over - 0 run(s), 1 hit(s), 0 error(s), 1 left on base; Gresham 12 - San Jose 7 |
BOTTOM OF THE 5TH |
San Jose Missions batting - Pitching for Gresham Gold Souls : RHP Raúl Contreras
|
Batting: LHB Wilson Vecino
|
0-0: Ball 1-0: Ball 2-0: Fly out, F9 (Line Drive, 89S)
|
Batting: LHB Félix García
|
0-0: Called Strike 0-1: Ball 1-1: Ground out 1-3 (Groundball, P)
|
Pitching: LHP Shawn Taylor
|
|
Batting: RHB Ed Starr
|
0-0: Ball 1-0: Foul Ball, location: 2F 1-1: Foul Ball, location: 2F 1-2: SINGLE (Flyball, 8LS)
|
Batting: RHB Dale Taylor
|
0-0: Ball 1-0: Ball 2-0: Swinging Strike 2-1: Foul Ball, location: 2F 2-2: Strikes out swinging
|
Bottom of the 5th over - 0 run(s), 1 hit(s), 0 error(s), 1 left on base; Gresham 12 - San Jose 7 |
TOP OF THE 6TH |
Gresham Gold Souls batting - Pitching for San Jose Missions : RHP Micheal Wood
|
Batting: RHB Matt Davidson
|
0-0: Foul Ball, location: 2F 0-1: Ball 1-1: Ball 2-1: Foul Ball, location: 2F 2-2: Foul Ball, location: 2F 2-2: Foul Ball, location: 2F 2-2: Foul Ball, location: 2F 2-2: Ball 3-2: Fly out, F9 (Flyball, 89M)
|
Batting: SHB Todd Smith
|
0-0: Called Strike 0-1: Foul Ball, location: 2F 0-2: Fly out, F9 (Flyball, 9LMF)
|
Batting: LHB Jeff Doss
|
0-0: Called Strike 0-1: Ball 1-1: Ball 2-1: Foul Ball, location: 2F 2-2: Hit by Pitch
|
Pitching: RHP Paul Lewis
|
|
Batting: RHB Jim Edgar
|
0-0: Fly out, F4 (Popup, 4M)
|
Top of the 6th over - 0 run(s), 0 hit(s), 0 error(s), 1 left on base; Gresham 12 - San Jose 7 |
BOTTOM OF THE 6TH |
San Jose Missions batting - Pitching for Gresham Gold Souls : LHP Shawn Taylor
|
Batting: RHB Bob Orr
|
0-0: Ball 1-0: Ball 2-0: Called Strike 2-1: Ball 3-1: Base on Balls
|
Batting: RHB Chang-geun Kim
|
0-0: Ball 1-0: Ball 2-0: Ball 3-0: Called Strike 3-1: Foul Ball, location: 2F 3-2: Fly out, F8 (Flyball, 8RM)
|
Batting: RHB Sadao Kato
|
0-0: Ball 1-0: SINGLE (Groundball, 56D) Bob Orr to second
|
Batting: LHB Arturo Rivera
|
0-0: Ball 1-0: Ball 2-0: SINGLE (Groundball, 4MD) Bob Orr to third Sadao Kato to second Runner from 3rd tries for Home, SAFE, no throw
|
Batting: RHB Jorge Fuentes
|
0-0: Ball 1-0: Called Strike 1-1: Ball 2-1: Ball 3-1: Called Strike 3-2: Strikes out swinging
|
Batting: LHB Wilson Vecino
|
0-0: Ball 1-0: Ball 2-0: Called Strike 2-1: Foul Ball, location: 2F 2-2: Ball 3-2: Base on Balls Sadao Kato to third Arturo Rivera to second
|
Pitching: RHP Miguel Ortíz
|
|
Batting: LHB Félix García
|
0-0: Ball 1-0: Swinging Strike 1-1: Foul Ball, location: 2F 1-2: Strikes out swinging
|
Bottom of the 6th over - 1 run(s), 2 hit(s), 0 error(s), 3 left on base; Gresham 12 - San Jose 8 |
TOP OF THE 7TH |
Gresham Gold Souls batting - Pitching for San Jose Missions : RHP Paul Lewis
|
Batting: LHB Bill Smith
|
0-0: Called Strike 0-1: Ball 1-1: Ball 2-1: Ball 3-1: Swinging Strike 3-2: Foul Ball, location: 2F 3-2: Base on Balls
|
Batting: RHB Peter Hensley
|
0-0: Ball 1-0: Foul Ball, location: 2F 1-1: Ball 2-1: Ball 3-1: Swinging Strike 3-2: Base on Balls Bill Smith to second
|
Batting: RHB Lorenzo Morín
|
0-0: Called Strike 0-1: Ball 1-1: Foul Ball, location: 2F 1-2: Ball 2-2: SINGLE (Flyball, 8RS) Bill Smith to third Peter Hensley to second
|
Batting: RHB Luke McIndoe
|
0-0: Ball 1-0: Called Strike 1-1: Foul Ball, location: 2F 1-2: Foul Ball, location: 2F 1-2: Ball 2-2: Foul Ball, location: 2F 2-2: Foul Ball, location: 2F 2-2: Ball 3-2: Foul Ball, location: 2F 3-2: Fly out, F8 (Flyball, 78D) Runner from 3rd tags up, SCORES, no throw
|
Batting: RHB Pablo Castillo
|
0-0: Ground out 6-3 (Groundball, 6S) Peter Hensley to third Lorenzo Morín to second
|
Batting: RHB Matt Davidson
|
0-0: Swinging Strike 0-1: Swinging Strike 0-2: Strikes out swinging
|
Top of the 7th over - 1 run(s), 1 hit(s), 0 error(s), 2 left on base; Gresham 13 - San Jose 8 |
BOTTOM OF THE 7TH |
San Jose Missions batting - Pitching for Gresham Gold Souls : RHP Miguel Ortíz
|
Batting: RHB Ed Starr
|
0-0: Called Strike 0-1: Ball 1-1: Ground out 6-3 (Groundball, 6)
|
Batting: RHB Dale Taylor
|
0-0: Ball 1-0: Ball 2-0: Called Strike 2-1: Foul Ball, location: 2F 2-2: DOUBLE (Line Drive, 7LM)
|
Batting: RHB Bob Orr
|
0-0: Called Strike 0-1: Ball 1-1: Swinging Strike 1-2: Strikes out swinging
|
Batting: RHB Chang-geun Kim
|
0-0: Ground out 4-3 (Groundball, 4)
|
Bottom of the 7th over - 0 run(s), 1 hit(s), 0 error(s), 1 left on base; Gresham 13 - San Jose 8 |
TOP OF THE 8TH |
Gresham Gold Souls batting - Pitching for San Jose Missions : RHP Paul Lewis
|
Batting: SHB Todd Smith
|
0-0: Ball 1-0: Foul Ball, location: 2F 1-1: SINGLE (Line Drive, 8LS)
|
Batting: LHB Jeff Doss
|
0-0: DOUBLE (Line Drive, 7D) Todd Smith to third
|
Batting: RHB Jim Edgar
|
0-0: Ball 1-0: Ball 2-0: Called Strike 2-1: Foul Ball, location: 2F 2-2: Foul Ball, location: 2F 2-2: Foul Ball, location: 2F 2-2: Foul Ball, location: 2F 2-2: Foul Ball, location: 2F 2-2: Ball 3-2: Base on Balls
|
Batting: LHB Bill Smith
|
0-0: Ball 1-0: SINGLE (Groundball, 4S) (infield hit) Todd Smith scores Jeff Doss to third Jim Edgar to second
|
Batting: RHB Peter Hensley
|
0-0: Called Strike 0-1: Foul Ball, location: 2F 0-2: Strikes out swinging
|
Batting: RHB Lorenzo Morín
|
0-0: Ball 1-0: Called Strike 1-1: Ball 2-1: Foul Ball, location: 2F 2-2: Foul Ball, location: 2F 2-2: Strikes out swinging
|
Batting: RHB Luke McIndoe
|
0-0: Ball 1-0: Ground out 2-3 (Groundball, 2L)
|
Top of the 8th over - 1 run(s), 3 hit(s), 0 error(s), 3 left on base; Gresham 14 - San Jose 8 |
BOTTOM OF THE 8TH |
San Jose Missions batting - Pitching for Gresham Gold Souls : RHP Miguel Ortíz
|
Now in CF: Jeff McKinney
|
|
Batting: RHB Sadao Kato
|
0-0: Ground out 6-3 (Groundball, 6)
|
Batting: LHB Arturo Rivera
|
0-0: Ball 1-0: Ground out 4-3 (Groundball, 4)
|
Batting: RHB Jorge Fuentes
|
0-0: Foul Ball, location: 2F 0-1: Ball 1-1: Foul Ball, location: 2F 1-2: Ball 2-2: Ball 3-2: Foul Ball, location: 2F 3-2: Base on Balls
|
Batting: LHB Wilson Vecino
|
0-0: Foul Ball, location: 2F 0-1: Called Strike 0-2: Ball 1-2: DOUBLE (Flyball, 89D) Jorge Fuentes to third Runner from 3rd tries for Home, SAFE, no throw
|
Batting: LHB Félix García
|
0-0: Ball 1-0: Fly out, F5 (Flyball, 5D)
|
Bottom of the 8th over - 1 run(s), 1 hit(s), 0 error(s), 1 left on base; Gresham 14 - San Jose 9 |
TOP OF THE 9TH |
Gresham Gold Souls batting - Pitching for San Jose Missions : RHP Paul Lewis
|
Batting: RHB Pablo Castillo
|
0-0: Ball 1-0: Swinging Strike 1-1: Ball 2-1: Ball 3-1: Base on Balls
|
Batting: RHB Matt Davidson
|
0-0: Ball 1-0: Foul Ball, location: 2F 1-1: Foul Ball, location: 2F 1-2: Foul Ball, location: 2F 1-2: Foul Ball, location: 2F 1-2: Ball 2-2: Foul Ball, location: 2F 2-2: SINGLE (Line Drive, 6MD) Pablo Castillo to second
|
Batting: SHB Todd Smith
|
0-0: Ball 1-0: 3-RUN HOME RUN (Flyball, 89XD), Distance : 420 ft
|
Batting: LHB Jeff Doss
|
0-0: Ball 1-0: Swinging Strike 1-1: Hit by Pitch
|
Batting: RHB Jim Edgar
|
0-0: Ball 1-0: Fly out, F7 (Flyball, 78XD)
|
Batting: LHB Bill Smith
|
0-0: Ball 1-0: Ball 2-0: Ball 3-0: Foul Ball, location: 2F 3-1: Foul Ball, location: 2F 3-2: Base on Balls Jeff Doss to second
|
Batting: LHB Jeff McKinney
|
0-0: DOUBLE (Line Drive, 78D) Jeff Doss scores Bill Smith to third
|
Batting: RHB Lorenzo Morín
|
0-0: Ball 1-0: Called Strike 1-1: Ball 2-1: Ball 3-1: Base on Balls
|
Batting: RHB Luke McIndoe
|
0-0: Ball 1-0: Called Strike 1-1: Ball 2-1: Ball 3-1: Base on Balls Bill Smith scores Jeff McKinney to third Lorenzo Morín to second
|
Batting: RHB Pablo Castillo
|
0-0: Grounds into double play, 6-4-3 (Groundball, 6)
|
Top of the 9th over - 5 run(s), 3 hit(s), 0 error(s), 2 left on base; Gresham 19 - San Jose 9 |
BOTTOM OF THE 9TH |
San Jose Missions batting - Pitching for Gresham Gold Souls : RHP Miguel Ortíz
|
Now in LF: Anthony Wells
|
|
Batting: RHB Ed Starr
|
0-0: Foul Ball, location: 2F 0-1: Ball 1-1: Ground out 5-3 (Groundball, 56)
|
Batting: RHB Dale Taylor
|
0-0: Ball 1-0: Fly out, F6 (Popup, 6)
|
Batting: RHB Bob Orr
|
0-0: Called Strike 0-1: Fly out, F3 (Line Drive, 3L)
|
Bottom of the 9th over - 0 run(s), 0 hit(s), 0 error(s), 0 left on base; Gresham 19 - San Jose 9 |
|